 Dungeon Crawl Stone Soup version 0.24-a0-245-gb50751227d (webtiles) character file.

Game seed: 9854985668545181929

853 Redear the Skirmisher (level 7, -1/55 HPs)
             Began as a Demonspawn Skald on Apr 12, 2019.
             Was an Initiate of Okawaru.
             Killed by divine providence
             ... invoked by an orc priest
              (12 damage)
             ... on level 5 of the Dungeon.
             The game lasted 00:14:42 (5646 turns).

Redear the Skirmisher (Demonspawn Skald)            Turns: 5646, Time: 00:14:43

Health: -1/55      AC: 10    Str: 12    XL:     7   Next: 70%
Magic:  0/10       EV:  7    Int: 14    God:    Okawaru [......]
Gold:   398        SH:  0    Dex: 16    Spells: 9/10 levels left

rFire    + . .     SeeInvis .   a - +0 falchion
rCold    . . .     Gourm    .   (no shield)
rNeg     . . .     Faith    .   p - +0 chain mail
rPois    .         Spirit   +   (helmet restricted)
rElec    .         Reflect  .   f - +0 cloak
rCorr    .         Harm     .   (no gloves)
MR       +....                  (no boots)
Stlth    ..........             (no amulet)
HPRegen  0.18/turn              m - ring of protection from magic {MR+}
MPRegen  0.12/turn              o - +2 ring of dexterity

@: no status effects
A: horns 1, fire resistance 1, magic shield
a: Renounce Religion


You were on level 5 of the Dungeon.
You worshipped Okawaru.
Okawaru was noncommittal.
You were very hungry.

You visited 2 branches of the dungeon, and saw 6 of its levels.

You collected 398 gold pieces.

Inventory:

Hand Weapons
 a - a +0 falchion (weapon)
Missiles
 v - 201 stones (quivered)
Armour
 b - a +0 leather armour
 f - a +0 cloak (worn)
 p - a +0 chain mail (worn)
 t - a +0 ring mail
Jewellery
 j - an uncursed ring of ice {rC+ rF-}
 m - a ring of protection from magic (left hand) {MR+}
 o - a +2 ring of dexterity (right hand)
Wands
 A - a wand of acid (10)
Scrolls
 k - 3 scrolls of enchant weapon
 q - a scroll of magic mapping {unknown}
 r - 3 scrolls of fear
 s - 4 scrolls of fog {unknown}
 x - a scroll of blinking {unknown}
 N - 5 scrolls of remove curse {@r2}
 T - 4 scrolls of teleportation {@r3}
Potions
 c - a potion of ambrosia {unknown}
 h - a potion of magic
 i - a potion of lignification
 l - a potion of flight
 w - a potion of mutation {unknown}
 H - a potion of haste {@q5}
Comestibles
 z - 10 rations


   Skills:
 + Level 4.7 Fighting
 + Level 4.3 Long Blades
 + Level 3.9 Armour
 + Level 4.2 Dodging
 - Level 2.0 Spellcasting
 - Level 2.6 Charms


You had 9 spell levels left.
You knew the following spells:

 Your Spells              Type           Power        Failure   Level  Hunger
z - Infusion              Chrm           #...         95%         1    ##.....

Your spell library contained the following spells:

 Spells                   Type           Power        Failure   Level  Hunger
 Song of Slaying          Chrm           #.......     99%         2    ###....
 Animate Skeleton         Necr           N/A          100%        1    ##.....
 Apportation              Tloc           #.....       100%        1    ##.....
 Confusing Touch          Hex            #.....       100%        1    ##.....
 Summon Small Mammal      Summ           #...         100%        1    ##.....
 Shroud of Golubria       Chrm/Tloc      #.........   100%        2    ###....
 Regeneration             Chrm/Necr      #.........   100%        3    ####...
 Spectral Weapon          Hex/Chrm       #.......     100%        3    ####...


Dungeon Overview and Level Annotations

Branches:
Dungeon (5/15)             Temple (1/1) D:5

Altars:
Ashenzari
Cheibriados
Dithmenos
Elyvilon
Fedhas
Gozag
Kikubaaqudgha
Makhleb
Okawaru
Qazlal
Sif Muna
Trog
Uskayaw
Vehumet
Wu Jian
Xom
Yredelemnul
Zin
The Shining One

Annotations:
D:4 1 runed translucent door, loom's ghost, novice GnSk


Innate Abilities, Weirdness & Mutations

You have a pair of small horns on your head.
Your flesh is heat resistant. (rF+)
When hurt, damage is shared between your health and your magic reserves.


Message History

The crimson imp blinks!
The crimson imp hits you but does no damage.
The crimson imp hits you but does no damage.
The crimson imp blinks!
You miss the crimson imp.
The crimson imp hits you but does no damage.
The crimson imp barely misses you.
You riposte.
You closely miss the crimson imp. The crimson imp hits you.
You see here a hound skeleton.
You take 1 damage, and have 18/55 hp.
The crimson imp puffs mist at you.
The crimson imp hits you but does no damage.
The orc priest invokes the aid of Beogh against you.
Beogh smites you!
* * * LOW HITPOINT WARNING * * *
You take 8 damage, and have 11/55 hp.
You now have 4/10 mp.
The orc priest calls down the wrath of Beogh upon you.
Beogh smites you!
You die...

##.......#.## ##..#.#######
##..<#######.###.###........
##.....# #..#.## #########
##......######.#.##
#..#.##.##.....#.#
.....#.###.##.....#.#
.#####.# #.##..)....#
#.###.##.....### ....
#..##.##.<.@.# ....
##.##.####.#.####### .≈.≈
.##.# #.#5....... ≈.≈≈ .##.#
#.#.###########.≈≈≈
.##.####.#.########....≈≈.
###.##.......÷o......#.......
........###...o.............o
#######.# #..#######.##.##.##
#.# #..# #.##(# #


You could see an orc priest, a crimson imp and an orc.

Vanquished Creatures
  Grinder (D:3)
  An ice beast (D:4)
  3 hounds
  A jelly (D:5)
  2 orc priests (D:3)
  Jessica (D:2)
  An iguana (D:4)
  2 worker ants
  Terence (D:2)
  A killer bee zombie (D:5)
  A hound skeleton (D:4)
  3 gnolls (D:2)
  6 adders
  3 oozes
  2 adder skeletons (D:4)
  6 worms
  3 dart slugs
  3 leopard geckos
  13 orcs
  A ball python (D:5)
  13 bats
  2 giant cockroaches (D:1)
  7 goblins
  9 hobgoblins
  4 jackals (D:3)
  A quokka (D:2)
  2 frilled lizards
  A jackal zombie (D:5)
  14 kobolds
  8 rats
116 creatures vanquished.

Notes
Turn   | Place    | Note
-------+----------+-------------------------------------------
     0 | D:1      | Redear the Demonspawn Skald began the quest for the Orb.
     0 | D:1      | Reached XP level 1. HP: 16/16 MP: 3/3
    22 | D:1      | Reached skill level 1 in Armour
    71 | D:1      | Reached skill level 2 in Dodging
    74 | D:1      | Reached skill level 2 in Long Blades
    74 | D:1      | Gained mutation: You have a pair of small horns on your
                  | head. [demonic ancestry]
    74 | D:1      | Reached XP level 2. HP: 9/22 MP: 3/5
   645 | D:1      | Gained mutation: When hurt, damage is shared between your
                  | health and your magic reserves. [demonic ancestry]
   645 | D:1      | Reached XP level 3. HP: 21/28 MP: 6/6
   910 | D:2      | Reached XP level 4. HP: 32/34 MP: 2/7
  1121 | D:2      | Reached skill level 2 in Armour
  1467 | D:2      | Reached skill level 3 in Fighting
  1476 | D:2      | HP: 5/52 [hobgoblin/+0 club (1)]
  1484 | D:2      | HP: 3/35 [poisoned by an adder]
  1489 | D:2      | HP: 1/35 [poisoned by an adder]
  2198 | D:2      | Gained mutation: Your flesh is heat resistant. (rF+)
                  | [demonic ancestry]
  2198 | D:2      | Reached XP level 5. HP: 27/41 MP: 4/8
  2878 | D:2      | Noticed Jessica
  2881 | D:2      | Noticed Terence
  2887 | D:2      | Killed Jessica
  2887 | D:2      | Reached skill level 3 in Long Blades
  2887 | D:2      | Reached skill level 3 in Dodging
  2892 | D:2      | Killed Terence
  3548 | D:3      | Found a faded altar of an unknown god.
  3647 | D:3      | Noticed Grinder
  3657 | D:3      | Paralysed by Grinder for 3 turns
  3678 | D:3      | Paralysed by Grinder for 2 turns
  3681 | D:3      | Paralysed by Grinder for 2 turns
  3689 | D:3      | Paralysed by Grinder for 5 turns
  3695 | D:3      | Killed Grinder
  3695 | D:3      | Reached skill level 3 in Armour
  3695 | D:3      | Reached XP level 6. HP: 14/48 MP: 2/9
  3854 | D:3      | Reached skill level 4 in Fighting
  3996 | D:3      | Reached XP level 7. HP: 34/54 MP: 7/10
  4413 | D:4      | Reached skill level 4 in Long Blades
  4413 | D:4      | Reached skill level 4 in Dodging
  4418 | D:4      | Found an iron altar of Okawaru.
  4586 | D:4      | Found a runed translucent door.
  4593 | D:4      | Noticed loom's ghost (novice GnSk)
  5002 | D:5      | Entered Level 5 of the Dungeon
  5144 | D:5      | Found a staircase to the Ecumenical Temple.
  5148 | Temple   | Entered the Ecumenical Temple
  5269 | D:4      | Became a worshipper of Warmaster Okawaru
  5646 | D:5      | Killed from afar by an orc priest

Levels and vault maps discovered:
D:1:      evilmike_arrival_plus, layout_basic, minmay_misc_feat_secret_circle,
          minmay_cupped
D:2:      layout_basic, uniq_terence, uniq_jessica
D:3:      layout_loops_corners, chequers_ecumenical_altar_twisty, serial_bayou,
          serial_bayou_lake_a, serial_bayou_pond_d, serial_bayou_shore_b,
          serial_bayou_pond_b, serial_bayou_shore_b, serial_bayou_shore_b,
          dk_noncrumbling_3, serial_bayou_ford_a, minmay_goblin_kobold_house,
          uniq_grinder
D:4:      layout_loops_cross, okawaru_altar_gauntlet_db,
          ebering_ghost_reflecting_pool
D:5:      layout_loops_ring, temple_statues, first_ration, serial_undead,
          serial_undead_b, serial_undead_b, serial_undead_b, serial_undead_f,
          nemelex_lonely_heart_becter
Temple:   nicolae_temple_no_exploring_needed

Skill      XL: |  1  2  3  4  5  6  7 |
---------------+----------------------+-----
Armour         | 1 2 3 |  3.9
Dodging        | 2 3 4 |  4.2
Long Blades    | 2 3 4 |  4.3
Fighting       | 3 4 |  4.7
Spellcasting   | |  2.0
Charms         | |  2.6

Action                   |  1- 3 |  4- 6 |  7- 9 || total
-------------------------+-------+-------+-------++-------
Melee: Falchion          |    73 |   289 |   131 ||   493
       Headbutt          |    14 |    51 |    25 ||    90
 Cast: Infusion          |     1 |       |       ||     1
  Use: Potion            |       |     4 |       ||     4
       Scroll            |       |       |    10 ||    10
 Stab: Sleeping          |     3 |       |       ||     3
  Eat: Chunk             |       |    11 |     4 ||    15
Armor: Leather armour    |    22 |       |       ||    22
       Chain mail        |       |   180 |    94 ||   274
Dodge: Dodged            |    61 |    95 |    63 ||   219
       Rpst.: Falchion   |    19 |    25 |    14 ||    58

Table legend:
 A = Non-vault XP
 B = Vault XP
 C = Vault XP percentage of total XP
 D = Non-vault monster count
 E = Vault monster count
 F = Vault count percentage of total count
                 A         B        C        D         E       F
            +---------+---------+-------+---------+---------+-------
      Total |     845 |     374 |  30.7 |      97 |      19 |  16.4
            +---------+---------+-------+---------+---------+-------
        D:1 |      45 |       1 |   2.2 |      23 |       1 |   4.2
        D:2 |     204 |      69 |  25.3 |      32 |       2 |   5.9
        D:3 |     159 |     293 |  64.8 |      26 |      10 |  27.8
        D:4 |     280 |      11 |   3.8 |       9 |       6 |  40.0
        D:5 |     157 |       0 |   0.0 |       7 |       0 |   0.0
            +---------+---------+-------+---------+---------+-------
